 Dungeon Crawl Stone Soup version 0.18.1-5-g4a78601 (webtiles) character file.

430 MDvedh the Chiller (level 6, 0/41 HPs)
             Began as a Mummy Ice Elementalist on May 9, 2016.
             Slain by a gnoll
             ... wielding a +0 halberd
              (4 damage)
             ... on level 4 of the Dungeon.
             The game lasted 00:08:25 (4229 turns).

MDvedh the Chiller (Mummy Ice Elementalist)         Turns: 4229, Time: 00:08:25

Health: 0/41       AC:  6    Str: 11    XL:     6   Next: 66%
Magic:  8/9        EV: 12    Int: 17    God:
Gold:   229        SH:  0    Dex: 12    Spells: 2 memorised, 4 levels left

rFire  x . .     SeeInvis .     l - +0 spear (venom)
rCold  + . .     Gourm    .     d - +0 robe (curse)
rNeg   + + +     Faith    .     (no shield)
rPois  ∞         Spirit   .     (no helmet)
rElec  .         Dismiss  .     f - +1 cloak
rCorr  .         Reflect  .     (no gloves)
SustAt .         Harm     .     (no boots)
MR     .....                    (no amulet)
Stlth  +++.......               h - ring of stealth
                                g - +2 ring of protection

@: not resistant to hostile enchantments, fairly stealthy
A: no food or potions, fire vulnerability, cold resistance 1, negative energy
resistance 3, torment resistance, unbreathing
a: no special abilities


You were on level 4 of the Dungeon.
You were not hungry.

You visited 1 branch of the dungeon, and saw 4 of its levels.

You collected 229 gold pieces.

Inventory:

Hand Weapons
 l - a +0 spear of venom (weapon)
Armour
 d - a cursed +0 robe (worn)
 f - a +1 cloak (worn)
Jewellery
 g - a +2 ring of protection (left hand)
 h - a ring of stealth (right hand)
Wands
 m - a wand of polymorph (17/24)
Scrolls
 a - 2 scrolls of identify
 c - 4 scrolls of blinking
 e - 3 scrolls of remove curse
 i - 4 scrolls of fog
 k - a scroll of enchant armour
 n - 3 scrolls of magic mapping
 o - 2 scrolls of amnesia
 p - a scroll of recharging {unknown}
Books
 b - a book of Frost

   Spells                             Type                      Level
   a - Freeze                         Ice                          1
   b - Throw Frost                    Conjuration/Ice              2
   c - Ozocubu's Armour               Charms/Ice                   3
   d - Throw Icicle                   Conjuration/Ice              4
   e - Summon Ice Beast               Ice/Summoning                4
 j - a book of Power

   Spells                             Type                      Level
   a - Fulminant Prism                Conjuration/Hexes            4
   b - Iskenderun's Mystic Blast      Conjuration                  4
   c - Venom Bolt                     Conjuration/Poison           5
   d - Bolt of Magma                  Conjuration/Fire/Earth       5
   e - Iron Shot                      Conjuration/Earth            6
   f - Orb of Destruction             Conjuration                  7
   g - Spellforged Servitor           Conjuration/Summoning        7


   Skills:
 - Level 1.5 Dodging
 - Level 1.5 Stealth
 - Level 2.0 Spellcasting
   Level 0.7 Conjurations
 + Level 2.7 Summonings
 + Level 5.5 Ice Magic


You had 4 spell levels left.
You knew the following spells:

 Your Spells              Type           Power        Failure   Level  Hunger
a - Freeze                Ice            ###.         1%          1    N/A
b - Summon Ice Beast      Ice/Summ       ###.....     38%         4    N/A

Dungeon Overview and Level Annotations

Branches:
Dungeon (4/15)
 Temple: D:4-7

Altars:
Pakellas
Trog
Xom


Innate Abilities, Weirdness & Mutations

You do not eat or drink.
Your flesh is vulnerable to fire.
You are immune to poison.
Your flesh is cold resistant.
You are immune to negative energy.
You are immune to unholy pain and torment.
You can survive without breathing.


Message History

The gnoll seems to speed up.
The gnoll closely misses you.
The gnoll hits you from afar with a halberd!
The gnoll shouts!
The gnoll hits you with a halberd!
* * * LOW HITPOINT WARNING * * *
The gnoll barely misses you.
Casting: Freeze
Confirm with . or Enter, or press ? or * to list all spells.
Aiming: Freeze
Press: ? - help, Shift-Dir - straight line, f - gnoll
Aim: a gnoll, wielding a halberd (fast)
You freeze the gnoll.
The gnoll is moderately wounded.
The gnoll hits you with a halberd.
* * * LOW HITPOINT WARNING * * *
The gnoll closely misses you.
Unknown command.
The gnoll hits you from afar with a halberd.
You die...

#................#
....###########..########
##..# .....[..........
....# ######..########
##### ##.#
##########.####.##
.............!....
#######.##.####.#. #.##@#
#######.##.########
........gg.)......# .
#######.##..#####)# .
#g###.....#.#
#g)...>..[#.#
#..###....#.# ##.#
#....#.# #.# #....#.#


You could see a gnoll.

Vanquished Creatures
  A hound (D:3)
  An iguana (D:4)
  6 orc wizards (D:4)
  2 worker ants (D:4)
  2 gnolls (D:4)
  5 adders
  An adder skeleton (D:4)
  2 dart slugs (D:1)
  5 giant geckos
  8 orcs
  2 ball pythons (D:1)
  8 bats
  4 giant cockroaches
  10 goblins
  5 hobgoblins
  4 jackals (D:4)
  9 kobolds
  A quokka (D:3)
  A ball python zombie (D:3)
  3 giant newts
  11 rats
91 creatures vanquished.

Notes
Turn   | Place    | Note
--------------------------------------------------------------
     0 | D:1      | MDvedh the Mummy Ice Elementalist began the quest for the Orb.
     0 | D:1      | Reached XP level 1. HP: 13/13 MP: 3/3
   271 | D:1      | Reached XP level 2. HP: 19/19 MP: 1/5
   364 | D:1      | Reached skill level 3 in Ice Magic
  1369 | D:1      | Reached XP level 3. HP: 24/24 MP: 3/6
  1985 | D:2      | Found an oddly glowing altar of Pakellas.
  2105 | D:2      | Reached skill level 4 in Ice Magic
  2262 | D:2      | Found a bloodstained altar of Trog.
  2262 | D:2      | Found a shimmering altar of Xom.
  2319 | D:2      | Reached XP level 4. HP: 30/30 MP: 4/7
  2584 | D:3      | Learned a level 4 spell: Summon Ice Beast
  3018 | D:3      | Reached XP level 5. HP: 31/35 MP: 3/8
  3190 | D:3      | Reached skill level 1 in Summonings
  3322 | D:4      | Reached skill level 5 in Ice Magic
  3699 | D:4      | Reached XP level 6. HP: 41/41 MP: 6/9
  4229 | D:4      | Slain by a gnoll

Skill      XL: |  1  2  3  4  5 |
---------------+----------------+-----
Ice Magic      | 3 4 5 |  5.5
Summonings     | 2 |  2.7
Dodging        | |  1.5
Stealth        | |  1.5
Spellcasting   | |  2.0
Conjurations   | |  0.7

Action                   |  1- 3 |  4- 6 || total
-------------------------+-------+-------++-------
Melee: Unarmed           |     4 |       ||     4
       Short sword       |    15 |       ||    15
       Spear             |     5 |    91 ||    96
 Cast: Freeze            |    58 |    75 ||   133
  Use: Scroll            |       |     7 ||     7
 Stab: Sleeping          |     3 |     6 ||     9
Armor: Robe              |    15 |    38 ||    53
Dodge: Dodged            |    55 |    76 ||   131
